Maple Leafs vs Flames (R1)

Created - November 8, 2024 at 19:26

Goals
1 2 3 T
Maple Leafs 1 1 2 4
Flames 2 2 2 6
Shots
1 2 3 T
Maple Leafs 11 12 5 28
Flames 11 8 12 31

1st period

1. Flames , Kevin Labanc 2 (Jake DeBrusk 5, Erik Johnson 7) at 10:54
2. Flames , Eric Staal 6 (Jake DeBrusk 6, Erik Johnson 8) at 19:13 (PP)
3. Maple Leafs , Andre Burakovsky 3 (Zach Werenski 4, Bo Horvat 6) at 19:39 (PP)

Penalties :
Zach Werenski (TOR) for Hooking (Minor) at 11:32, Valentin Zykov (TOR) for Tripping (Minor) at 18:59, Eric Staal (Cal) for Cross-checking (Minor) at 19:33

2nd period

4. Flames , Jake DeBrusk 3 (Kevin Labanc 5, Victor Rask 5) at 3:50
5. Maple Leafs , Evander Kane 6 (John Klingberg 4, Zach Werenski 5) at 13:53
6. Flames , Tanner Pearson 3 (Erik Johnson 9, Sami Vatanen 7) at 19:53

Penalties :
Victor Rask (Cal) for Cross-checking (Minor) at 1:08, Andre Burakovsky (TOR) for Cross-checking (Minor) at 4:14, Brandon Saad (TOR) for Cross-checking (Minor) at 7:43, Andre Burakovsky (TOR) for Roughing (Minor) at 9:53

3rd period

7. Flames , Eric Staal 7 (Jake DeBrusk 7, Jimmy Hayes 7) at 11:10 (PP)
8. Maple Leafs , Zach Werenski 6 (Andre Burakovsky 10, Evander Kane 10) at 11:55 (PP)
9. Flames , Brad Marchand 3 (Erik Johnson 10, Bryan Rust 3) at 12:09
10. Maple Leafs , Ben Smith 2 (Elias Pettersson 3) at 16:54

Penalties :
Ben Smith (TOR) for Holding (Minor) at 6:26, Zach Werenski (TOR) for Roughing (Minor) at 10:58, Jimmy Hayes (Cal) for Slashing (Minor) at 11:45, Ben Smith (TOR) for Tripping (Minor) at 12:16, Andre Burakovsky (TOR) for Interference (Minor) at 18:37

Goalie Stats

Kristers Gudlevskis (TOR), 15 saves from 19 shots - (0.789), 39:53 minutes
Carter Hutton (TOR), 10 saves from 12 shots - (0.833), L, 0-2-0, 20:07 minutes
Michael Hutchinson (Cal), 24 saves from 28 shots - (0.857), W, 1-1-0, 60:00 minutes

Players Stats for Maple Leafs

Player Name              G  A  P  +/- PIM S  H  SB GA TA FO     MP     PP MP  PK MP  
------------------------------------------------------------------------------------
Andre Burakovsky         1  1  2  -1  6   4  1  0  0  0  0/0    18:51   1:19   0:00 
Ben Smith                1  0  1   0  4   2  0  0  0  0  1/1    18:38   0:55   5:25 
Bo Horvat                0  1  1   0  0   2  2  0  0  0  15/24  20:18   1:19   2:11 
Brandon Saad             0  0  0   0  2   1  0  0  2  0  1/1     8:48   0:01   3:17 
Brendan Guhle            0  0  0  -1  0   0  1  0  0  0  0/0    15:22   0:00   4:35 
Elias Pettersson         0  1  1   1  0   0  0  1  0  0  7/16   12:55   0:55   1:03 
Evander Kane             1  1  2   0  0   2  2  1  2  0  0/2    21:43   1:19   3:34 
Haydn Fleury             0  0  0  -1  0   0  1  1  0  2  0/0    19:25   0:00   9:07 
Jason Zucker             0  0  0   0  0   0  1  0  0  2  0/0    12:30   0:55   0:49 
John Klingberg           0  1  1   0  0   4  2  4  0  0  0/0    19:16   1:15   0:00 
Jon Merrill              0  0  0  -1  0   0  1  2  2  1  0/0    24:51   1:00   9:07 
Luke Schenn              0  0  0  -1  0   1  0  2  1  1  0/0    18:59   1:00   4:35 
Nicholas Baptiste        0  0  0   0  0   2  0  0  0  0  0/0     5:47   0:01   0:00 
Patrice Cormier          0  0  0   0  0   1  2  0  0  1  8/10   13:37   0:00   7:35 
Pontus Aberg             0  0  0  -2  0   2  1  0  0  0  0/0    10:08   0:00   0:00 
Sam Bennett              0  0  0  -2  0   4  1  0  1  0  9/12   13:58   0:01   3:30 
Valentin Zykov           0  0  0  -2  2   1  0  0  0  0  0/2     9:56   0:00   0:00 
Zach Werenski            1  2  3   0  4   2  0  1  0  0  0/0    21:07   1:15   0:00 

Players Stats for Flames

Player Name              G  A  P  +/- PIM S  H  SB GA TA FO     MP     PP MP  PK MP  
------------------------------------------------------------------------------------
Anders Lee               0  0  0   0  0   1  2  0  0  0  1/1     9:55   0:00   0:18 
Brad Marchand            1  0  1   1  0   3  1  0  0  0  0/0    17:24   0:53   1:12 
Bryan Rust               0  1  1   1  0   4  2  1  0  1  0/2    17:27   0:57   0:36 
Christian Folin          0  0  0   0  0   1  0  1  0  0  0/0    19:43   5:18   1:05 
Colby Robak              0  0  0  -1  0   1  0  2  0  0  0/0    14:01   0:00   1:10 
David Ullstrom           0  0  0   0  0   1  1  0  0  0  0/0     9:09   0:00   0:32 
Eric Staal               2  0  2   1  2   4  2  0  1  1  14/36  22:15   7:40   0:31 
Erik Johnson             0  4  4   3  0   2  3  2  0  2  0/0    27:26   8:24   1:05 
Esa Lindell              0  0  0   0  0   2  3  2  0  0  0/0    18:33   5:18   0:00 
Evgeny Svechnikov        0  0  0   0  0   0  1  0  0  0  0/0    13:40   5:05   0:00 
Jake DeBrusk             1  3  4   1  0   2  1  0  0  1  0/0    16:12   7:51   0:00 
Jimmy Hayes              0  1  1   0  2   1  3  0  1  0  0/1    18:27   7:40   0:00 
Kevin Labanc             1  1  2   1  0   2  0  0  1  0  0/0     9:10   0:00   0:00 
Patrik Berglund          0  0  0   0  0   1  2  0  0  2  8/16   18:06   5:17   1:21 
Rasmus Andersson         0  0  0  -1  0   1  1  1  0  0  0/0    14:01   0:00   1:10 
Sami Vatanen             0  1  1   3  0   3  0  3  3  1  0/0    26:16   8:24   0:00 
Tanner Pearson           1  0  1   0  0   1  1  0  1  0  1/1    16:43   5:43   0:00 
Victor Rask              0  1  1   1  2   1  1  0  0  0  3/11    9:14   0:00   0:00 

3 Stars

1 - Erik Johnson (Cal)
2 - Jake DeBrusk (Cal)
3 - Eric Staal (Cal)

Power Play

Maple Leafs - 2 on 3 Attempt(s) - 66.67%
Flames - 2 on 9 Attempt(s) - 22.22%

Penalty Kill

Maple Leafs - 7 on 9 Attempt(s) - 77.78% - Score 0 goal in Penalty Kill
Flames - 1 on 3 Attempt(s) - 33.33% - Score 0 goal in Penalty Kill

Team Stat

Maple Leafs - Hits : 15 - Faceoff Wins : 41 - Blocked Shots : 12 - Penalty Minutes : 18
Flames - Hits : 24 - Faceoff Wins : 27 - Blocked Shots : 12 - Penalty Minutes : 6

Official

Referees : Graham Skilliter and Kelly Sutherland
Linesman : Libor Suchanek and Michel Cormier

Game Notes

Carter Hutton enters game at 19:53 of 2nd period

Finance

Level 1 -- Attendance: 5426 (90.43%) -- Ticket Income $542,600
Level 2 -- Attendance: 4800 (96.00%) -- Ticket Income $336,000
Level 3 -- Attendance: 1968 (98.40%) -- Ticket Income $78,720
Level 4 -- Attendance: 4000 (100.00%) -- Ticket Income $120,000
Luxury Box -- Attendance: 992 (99.20%) -- Ticket Income $198,400
Game was played at the Scotiabank Saddledome.
Total Attendance: 17186 (95.48%)
Total Ticket Income: $1,275,720
Other Income: $191,358
Total Income: $1,467,078

Maple Leafs

5 vs 5 Forward 
   Center                   Left Wing                Right Wing               Time % Phy DF OF 
 1 Bo Horvat                Evander Kane             Andre Burakovsky         40     1   2  2  
 2 Elias Pettersson         Jason Zucker             Ben Smith                30     1   2  2  
 3 Sam Bennett              Valentin Zykov           Pontus Aberg             20     1   2  2  
 4 Patrice Cormier          Brandon Saad             Nicholas Baptiste        10     1   2  2  

5 vs 5 Defense 
   Defense                  Defense                                           Time % Phy DF OF 
 1 Zach Werenski            John Klingberg                                    40     1   2  2  
 2 Jon Merrill              Luke Schenn                                       30     1   2  2  
 3 Haydn Fleury             Brendan Guhle                                     20     1   2  2  
 4 Zach Werenski            Jon Merrill                                       10     1   2  2  

PowerPlay Forward 
   Center                   Left Wing                Right Wing               Time % Phy DF OF 
 1 Bo Horvat                Evander Kane             Andre Burakovsky         60     1   2  2  
 2 Elias Pettersson         Jason Zucker             Ben Smith                40     1   2  2  

PowerPlay Defense
   Defense                  Defense                                           Time % Phy DF OF 
 1 Zach Werenski            John Klingberg                                    60     1   2  2  
 2 Jon Merrill              Luke Schenn                                       40     1   2  2  

Penalty Kill 4 Players Forward 
   Center                   Wing                     Time % Phy DF OF 
 1 Patrice Cormier          Ben Smith                60     1   2  2  
 2 Sam Bennett              Evander Kane             40     1   2  2  

Penalty Kill 4 Players Defense
   Defense                  Defense                  Time % Phy DF OF 
 1 Haydn Fleury             Jon Merrill              60     1   2  2  
 2 Brendan Guhle            Luke Schenn              40     1   2  2  

Penalty Kill - 3 Players Forward 
   Forward                                           Time % Phy DF OF 
 1 Evander Kane                                      60     1   2  2  
 2 Bo Horvat                                         40     1   2  2  

Penalty Kill - 3 Players Defense
   Defense                  Defense                  Time % Phy DF OF 
 1 Haydn Fleury             Jon Merrill              60     1   2  2  
 2 Brendan Guhle            Luke Schenn              40     1   2  2  

4 vs 4 Forward 
   Center                   Wing                     Time % Phy DF OF 
 1 Bo Horvat                Evander Kane             60     1   2  2  
 2 Elias Pettersson         Andre Burakovsky         40     1   2  2  

4 vs 4 Defense
   Defense                  Defense                  Time % Phy DF OF 
 1 Zach Werenski            Jon Merrill              60     1   2  2  
 2 John Klingberg           Luke Schenn              40     1   2  2  

Last Minutes Offensive
   Center                   Left Wing                Right Wing               Defense                  Defense                  
   Bo Horvat                Evander Kane             Andre Burakovsky         Zach Werenski            John Klingberg           

Last Minutes Defensive
   Center                   Left Wing                Right Wing               Defense                  Defense                  
   Patrice Cormier          Evander Kane             Ben Smith                Jon Merrill              Haydn Fleury             

Goaltenders
Starting : Kristers Gudlevskis      
Backup : Carter Hutton            

Extra Forwards
Normal : Elias Pettersson, Sam Bennett, Evander Kane - PP : Sam Bennett, Jason Zucker - PK : Bo Horvat
Extra Defensemen
Normal : Haydn Fleury, Zach Werenski, John Klingberg - PP : Haydn Fleury - PK : Brendan Guhle, John Klingberg
Penalty Shots
Evander Kane, Elias Pettersson, Andre Burakovsky, Bo Horvat, Jason Zucker
Custom OT Lines Forwards
Evander Kane, Bo Horvat, Andre Burakovsky, Ben Smith, Jason Zucker, Sam Bennett, Brandon Saad, Elias Pettersson, Valentin Zykov, Pontus Aberg
Custom OT Lines Defensemen
Zach Werenski, Jon Merrill, John Klingberg, Luke Schenn, Haydn Fleury

Scratches
None

Flames

5 vs 5 Forward 
   Center                   Left Wing                Right Wing               Time % Phy DF OF 
 1 Eric Staal               Brad Marchand            Bryan Rust               40     1   2  2  
 2 Patrik Berglund          Tanner Pearson           Jimmy Hayes              30     1   2  2  
 3 Victor Rask              Jake DeBrusk             Kevin Labanc             20     1   2  2  
 4 Anders Lee               David Ullstrom           Evgeny Svechnikov        10     1   2  2  

5 vs 5 Defense 
   Defense                  Defense                                           Time % Phy DF OF 
 1 Erik Johnson             Sami Vatanen                                      40     1   2  2  
 2 Esa Lindell              Christian Folin                                   30     1   2  2  
 3 Colby Robak              Rasmus Andersson                                  20     1   2  2  
 4 Erik Johnson             Sami Vatanen                                      10     1   2  2  

PowerPlay Forward 
   Center                   Left Wing                Right Wing               Time % Phy DF OF 
 1 Eric Staal               Jake DeBrusk             Jimmy Hayes              60     1   1  3  
 2 Patrik Berglund          Tanner Pearson           Evgeny Svechnikov        40     1   1  3  

PowerPlay Defense
   Defense                  Defense                                           Time % Phy DF OF 
 1 Erik Johnson             Sami Vatanen                                      60     1   1  3  
 2 Esa Lindell              Christian Folin                                   40     1   1  3  

Penalty Kill 4 Players Forward 
   Center                   Wing                     Time % Phy DF OF 
 1 Patrik Berglund          Brad Marchand            60     1   3  1  
 2 Eric Staal               Bryan Rust               40     1   3  1  

Penalty Kill 4 Players Defense
   Defense                  Defense                  Time % Phy DF OF 
 1 Erik Johnson             Christian Folin          60     1   3  1  
 2 Colby Robak              Rasmus Andersson         40     1   3  1  

Penalty Kill - 3 Players Forward 
   Forward                                           Time % Phy DF OF 
 1 Eric Staal                                        60     1   3  1  
 2 Patrik Berglund                                   40     1   3  1  

Penalty Kill - 3 Players Defense
   Defense                  Defense                  Time % Phy DF OF 
 1 Erik Johnson             Christian Folin          60     1   3  1  
 2 Colby Robak              Rasmus Andersson         40     1   3  1  

4 vs 4 Forward 
   Center                   Wing                     Time % Phy DF OF 
 1 Eric Staal               Brad Marchand            60     1   2  2  
 2 Patrik Berglund          Bryan Rust               40     1   2  2  

4 vs 4 Defense
   Defense                  Defense                  Time % Phy DF OF 
 1 Erik Johnson             Sami Vatanen             60     1   2  2  
 2 Esa Lindell              Christian Folin          40     1   2  2  

Last Minutes Offensive
   Center                   Left Wing                Right Wing               Defense                  Defense                  
   Eric Staal               Brad Marchand            Bryan Rust               Erik Johnson             Sami Vatanen             

Last Minutes Defensive
   Center                   Left Wing                Right Wing               Defense                  Defense                  
   Eric Staal               Brad Marchand            Bryan Rust               Erik Johnson             Sami Vatanen             

Goaltenders
Starting : Michael Hutchinson       
Backup : Christopher Gibson       

Extra Forwards
Normal : Bryan Rust, Jake DeBrusk, Patrik Berglund - PP : Tanner Pearson, Brad Marchand - PK : Bryan Rust
Extra Defensemen
Normal : Esa Lindell, Christian Folin, Colby Robak - PP : Esa Lindell - PK : Sami Vatanen, Colby Robak
Penalty Shots
Eric Staal, Jake DeBrusk, Jimmy Hayes, Tanner Pearson, Evgeny Svechnikov
Custom OT Lines Forwards
Eric Staal, Jake DeBrusk, Patrik Berglund, Bryan Rust, Jimmy Hayes, Brad Marchand, Tanner Pearson, Victor Rask, Kevin Labanc, Evgeny Svechnikov
Custom OT Lines Defensemen
Erik Johnson, Sami Vatanen, Christian Folin, Esa Lindell, Colby Robak

Scratches
Kyle Palmieri (Healthy), Matthew Nieto (Healthy)

% Time on Ice - Maple Leafs

Lines # - Real PCT - Wanted PCT - Time Play
Normal Forward
1 - 41% - 40% - 18:12
2 - 25% - 30% - 10:52
3 - 23% - 20% - 9:57
4 - 11% - 10% - 5:02
Normal Defense
1 - 45% - 40% - 19:59
2 - 30% - 30% - 13:24
3 - 20% - 20% - 8:51
4 - 4% - 10% - 1:49
PP Forward
1 - 59% - 60% - 1:20
2 - 41% - 40% - 0:55
PP Defense
1 - 56% - 60% - 1:15
2 - 44% - 40% - 1:00
PK Forward
1 - 74% - 60% - 10:12
2 - 26% - 40% - 3:30
PK Defense
1 - 67% - 60% - 9:07
2 - 33% - 40% - 4:35
PK3 Forward
1 - 0% - 60%
2 - 0% - 40%
PK3 Defense
1 - 0% - 60%
2 - 0% - 40%
44 Forward
1 - 0% - 60%
2 - 0% - 40%
44 Defense
1 - 0% - 60%
2 - 0% - 40%
Last Minute Offensive  - 0:00
Last Minute Defensive  - 0:00
Total
Forward - 60:00
Defense - 60:00

% Time on Ice - Flames

Lines # - Real PCT - Wanted PCT - Time Play
Normal Forward
1 - 35% - 40% - 15:21
2 - 25% - 30% - 11:00
3 - 21% - 20% - 9:10
4 - 19% - 10% - 8:32
Normal Defense
1 - 38% - 40% - 16:48
2 - 30% - 30% - 13:15
3 - 29% - 20% - 12:51
4 - 3% - 10% - 1:09
PP Forward
1 - 63% - 60% - 8:37
2 - 37% - 40% - 5:05
PP Defense
1 - 61% - 60% - 8:24
2 - 39% - 40% - 5:18
PK Forward
1 - 77% - 60% - 1:44
2 - 23% - 40% - 0:31
PK Defense
1 - 48% - 60% - 1:05
2 - 52% - 40% - 1:10
PK3 Forward
1 - 0% - 60%
2 - 0% - 40%
PK3 Defense
1 - 0% - 60%
2 - 0% - 40%
44 Forward
1 - 0% - 60%
2 - 0% - 40%
44 Defense
1 - 0% - 60%
2 - 0% - 40%
Last Minute Offensive  - 0:00
Last Minute Defensive  - 0:00
Total
Forward - 60:00
Defense - 60:00

Play-by-Play

1st period


0:01 of 1st period - Bo Horvat wins face-off versus Eric Staal in neutral zone.
0:14 of 1st period - Sami Vatanen is hit by Bo Horvat and loses puck.
1:34 of 1st period - Evander Kane is hit by Eric Staal and loses puck.
1:53 of 1st period - Jon Merrill is hit by Jimmy Hayes and loses puck.
2:02 of 1st period - Wrist shot by Patrik Berglund.
2:02 of 1st period - Deflect By Tanner Pearson.
2:02 of 1st period - Shot Blocked by Luke Schenn.
2:02 of 1st period - Puck is out of play.
2:03 of 1st period - Victor Rask wins face-off versus Bo Horvat in Maple Leafs zone.
2:07 of 1st period - Icing by Haydn Fleury.
2:08 of 1st period - Bo Horvat wins face-off versus Victor Rask in Maple Leafs zone.
2:17 of 1st period - Slapshot by Jake DeBrusk.
2:17 of 1st period - Shot Misses the Net.
2:44 of 1st period - Wrist shot by Valentin Zykov.
2:44 of 1st period - Shot Misses the Net.
2:46 of 1st period - Wrist shot by Brendan Guhle.
2:46 of 1st period - Shot Blocked by Sami Vatanen.
3:59 of 1st period - Icing by Bo Horvat.
4:00 of 1st period - Eric Staal wins face-off versus Sam Bennett in Maple Leafs zone.
4:27 of 1st period - Wrist shot by Jimmy Hayes.
4:27 of 1st period - Deflect By Patrik Berglund.
4:27 of 1st period - Shot Blocked by Jon Merrill.
4:27 of 1st period - Puck is out of play.
4:28 of 1st period - Patrik Berglund wins face-off versus Bo Horvat in Maple Leafs zone.
4:39 of 1st period - Wrist shot by Jimmy Hayes.
4:39 of 1st period - Shot Misses the Net.
4:41 of 1st period - Snap shot by Patrik Berglund.
4:41 of 1st period - Deflect By Jimmy Hayes.
4:41 of 1st period - Shot Blocked by John Klingberg.
4:41 of 1st period - Puck is out of play.
4:42 of 1st period - Eric Staal wins face-off versus Elias Pettersson in Maple Leafs zone.
4:51 of 1st period - Slapshot by Sami Vatanen.
4:51 of 1st period - Shot Misses the Net.
5:30 of 1st period - Wrist shot by Tanner Pearson.
5:30 of 1st period - Shot Blocked by John Klingberg.
5:32 of 1st period - Slapshot by Kevin Labanc.
5:32 of 1st period - Shot Misses the Net.
5:36 of 1st period - Snap shot by Kevin Labanc.
5:36 of 1st period - Shot Misses the Net.
5:40 of 1st period - Wrist shot by Kevin Labanc.
5:40 of 1st period - Stopped by Kristers Gudlevskis without a rebound.
5:41 of 1st period - Eric Staal wins face-off versus Elias Pettersson in Maple Leafs zone.
5:55 of 1st period - Slapshot by Brad Marchand.
5:55 of 1st period - Stopped by Kristers Gudlevskis without a rebound.
5:56 of 1st period - Patrik Berglund wins face-off versus Bo Horvat in Maple Leafs zone.
6:07 of 1st period - Snap shot by Andre Burakovsky.
6:07 of 1st period - Stopped by Michael Hutchinson with a rebound.
6:14 of 1st period - Off-side.
6:15 of 1st period - Elias Pettersson wins face-off versus Eric Staal in neutral zone.
6:26 of 1st period - Wrist shot by Jason Zucker.
6:26 of 1st period - Shot Misses the Net.
6:28 of 1st period - Snap shot by Ben Smith.
6:28 of 1st period - Shot Blocked by Erik Johnson.
6:30 of 1st period - Snap shot by Jason Zucker.
6:30 of 1st period - Shot Misses the Net.
6:32 of 1st period - Snap shot by Ben Smith.
6:32 of 1st period - Stopped by Michael Hutchinson with a rebound.
6:50 of 1st period - Off-side.
6:51 of 1st period - Patrik Berglund wins face-off versus Bo Horvat in neutral zone.
7:20 of 1st period - Wrist shot by Sam Bennett.
7:20 of 1st period - Stopped by Michael Hutchinson without a rebound.
7:21 of 1st period - Eric Staal wins face-off versus Valentin Zykov in Flames zone.
7:48 of 1st period - Evander Kane is hit by Victor Rask and loses puck.
8:19 of 1st period - Slapshot by Jason Zucker.
8:19 of 1st period - Shot Blocked by Sami Vatanen.
8:49 of 1st period - Wrist shot by Andre Burakovsky.
8:49 of 1st period - Shot Blocked by Bryan Rust.
8:55 of 1st period - Wrist shot by Andre Burakovsky.
8:55 of 1st period - Shot Misses the Net.
9:01 of 1st period - Slapshot by Sami Vatanen.
9:01 of 1st period - Stopped by Kristers Gudlevskis without a rebound.
9:02 of 1st period - Victor Rask wins face-off versus Elias Pettersson in Maple Leafs zone.
9:10 of 1st period - Snap shot by Kevin Labanc.
9:10 of 1st period - Shot Blocked by Elias Pettersson.
9:55 of 1st period - Snap shot by Bo Horvat.
9:55 of 1st period - Stopped by Michael Hutchinson without a rebound.
9:56 of 1st period - Bo Horvat wins face-off versus Eric Staal in Flames zone.
9:57 of 1st period - Wrist shot by Evander Kane.
9:57 of 1st period - Stopped by Michael Hutchinson with a rebound.
10:40 of 1st period - Wrist shot by Bryan Rust.
10:40 of 1st period - Stopped by Kristers Gudlevskis without a rebound.
10:41 of 1st period - Victor Rask wins face-off versus Sam Bennett in Maple Leafs zone.
10:46 of 1st period - Wrist shot by Kevin Labanc.
10:46 of 1st period - Shot Misses the Net.
10:48 of 1st period - Slapshot by Erik Johnson.
10:48 of 1st period - Stopped by Kristers Gudlevskis with a rebound.
10:54 of 1st period - Snap shot by Kevin Labanc.
10:54 of 1st period - Goal by Kevin Labanc - Maple Leafs : 0 - Flames : 1.
10:55 of 1st period - Sam Bennett wins face-off versus Patrik Berglund in neutral zone.
10:59 of 1st period - Off-side.
11:00 of 1st period - Tanner Pearson wins face-off versus Sam Bennett in neutral zone.
11:13 of 1st period - Slapshot by Zach Werenski.
11:13 of 1st period - Shot Misses the Net.
11:15 of 1st period - Slapshot by Jon Merrill.
11:15 of 1st period - Shot Misses the Net.
11:17 of 1st period - Slapshot by Jon Merrill.
11:17 of 1st period - Deflect By Sam Bennett.
11:17 of 1st period - Shot Blocked by Sami Vatanen.
11:17 of 1st period - Puck is out of play.
11:18 of 1st period - Eric Staal wins face-off versus Elias Pettersson in Flames zone.
11:32 of 1st period - Minor Penalty to Zach Werenski for Hooking.
11:33 of 1st period - Patrice Cormier wins face-off versus Eric Staal in Maple Leafs zone.
13:11 of 1st period - Christian Folin is hit by Evander Kane and loses puck.
13:32 of 1st period - Penalty to Zach Werenski is over, Zach Werenski is back on ice.
13:47 of 1st period - Pontus Aberg is hit by Anders Lee and loses puck.
14:02 of 1st period - Jake DeBrusk is hit by John Klingberg and loses puck.
14:37 of 1st period - Wrist shot by Brandon Saad.
14:37 of 1st period - Shot Blocked by Colby Robak.
14:47 of 1st period - John Klingberg is hit by Rasmus Andersson and loses puck.
15:33 of 1st period - Jake DeBrusk is hit by Patrice Cormier and loses puck.
15:56 of 1st period - Rasmus Andersson is hit by Jon Merrill and loses puck.
16:15 of 1st period - Ben Smith is hit by Tanner Pearson and loses puck.
16:20 of 1st period - Snap shot by Jimmy Hayes.
16:20 of 1st period - Stopped by Kristers Gudlevskis without a rebound.
16:21 of 1st period - Bo Horvat wins face-off versus Eric Staal in Maple Leafs zone.
16:26 of 1st period - Snap shot by Bryan Rust.
16:26 of 1st period - Stopped by Kristers Gudlevskis with a rebound.
16:28 of 1st period - Snap shot by Bryan Rust.
16:28 of 1st period - Stopped by Kristers Gudlevskis with a rebound.
16:30 of 1st period - Snap shot by Brad Marchand.
16:30 of 1st period - Shot Blocked by Haydn Fleury.
17:39 of 1st period - Esa Lindell is hit by Patrice Cormier and loses puck.
18:05 of 1st period - Slapshot by Christian Folin.
18:05 of 1st period - Stopped by Kristers Gudlevskis with a rebound.
18:59 of 1st period - Minor Penalty to Valentin Zykov for Tripping.
19:00 of 1st period - Patrice Cormier wins face-off versus Eric Staal in Maple Leafs zone.
19:13 of 1st period - Snap shot by Jake DeBrusk.
19:13 of 1st period - Deflect By Eric Staal.
19:13 of 1st period - Goal by Eric Staal - Maple Leafs : 0 - Flames : 2.
19:14 of 1st period - Bo Horvat wins face-off versus Bryan Rust in neutral zone.
19:19 of 1st period - Slapshot by John Klingberg.
19:19 of 1st period - Stopped by Michael Hutchinson with a rebound.
19:21 of 1st period - Wrist shot by Bo Horvat.
19:21 of 1st period - Stopped by Michael Hutchinson with a rebound.
19:23 of 1st period - Slapshot by John Klingberg.
19:23 of 1st period - Stopped by Michael Hutchinson with a rebound.
19:25 of 1st period - Backhand shot by John Klingberg.
19:25 of 1st period - Deflect By Sami Vatanen.
19:25 of 1st period - Stopped by Michael Hutchinson without a rebound.
19:26 of 1st period - Eric Staal wins face-off versus Evander Kane in Flames zone.
19:32 of 1st period - Off-side.
19:33 of 1st period - Eric Staal wins face-off versus Bo Horvat in neutral zone.
19:33 of 1st period - Minor Penalty to Eric Staal for Cross-checking.
19:34 of 1st period - Bo Horvat wins face-off versus Patrik Berglund in Flames zone.
19:37 of 1st period - Wrist shot by Andre Burakovsky.
19:37 of 1st period - Stopped by Michael Hutchinson with a rebound.
19:39 of 1st period - Wrist shot by Andre Burakovsky.
19:39 of 1st period - Goal by Andre Burakovsky - Maple Leafs : 1 - Flames : 2.
19:40 of 1st period - Patrik Berglund wins face-off versus Bo Horvat in neutral zone.
19:54 of 1st period - Off-side.
19:55 of 1st period - Elias Pettersson wins face-off versus Eric Staal in neutral zone.
Goals for this period are 1 for Maple Leafs vs 2 for Flames.
Shots for this period are 11 for Maple Leafs vs 11 for Flames.

2nd period


0:01 of 2nd period - Bo Horvat wins face-off versus Eric Staal in neutral zone.
0:01 of 2nd period - Bo Horvat is hit by Erik Johnson.
0:51 of 2nd period - Backhand shot by Victor Rask.
0:51 of 2nd period - Stopped by Kristers Gudlevskis without a rebound.
0:52 of 2nd period - Sam Bennett wins face-off versus Victor Rask in Maple Leafs zone.
1:08 of 2nd period - Minor Penalty to Victor Rask for Cross-checking.
1:09 of 2nd period - Bo Horvat wins face-off versus Patrik Berglund in Flames zone.
1:19 of 2nd period - Wrist shot by Brad Marchand.
1:19 of 2nd period - Shot Misses the Net.
1:35 of 2nd period - Brad Marchand is hit by Jason Zucker and loses puck.
3:08 of 2nd period - Penalty to Victor Rask is over, Victor Rask is back on ice.
3:12 of 2nd period - Snap shot by Nicholas Baptiste.
3:12 of 2nd period - Stopped by Michael Hutchinson without a rebound.
3:13 of 2nd period - Sam Bennett wins face-off versus Victor Rask in Flames zone.
3:24 of 2nd period - Snap shot by Nicholas Baptiste.
3:24 of 2nd period - Deflect By Sam Bennett.
3:24 of 2nd period - Stopped by Michael Hutchinson with a rebound.
3:50 of 2nd period - Wrist shot by Jake DeBrusk.
3:50 of 2nd period - Goal by Jake DeBrusk - Maple Leafs : 1 - Flames : 3.
3:51 of 2nd period - Eric Staal wins face-off versus Bo Horvat in neutral zone.
3:54 of 2nd period - Slapshot by Esa Lindell.
3:54 of 2nd period - Stopped by Kristers Gudlevskis with a rebound.
3:56 of 2nd period - Wrist shot by Eric Staal.
3:56 of 2nd period - Stopped by Kristers Gudlevskis with a rebound.
3:58 of 2nd period - Wrist shot by Brad Marchand.
3:58 of 2nd period - Shot Misses the Net.
4:00 of 2nd period - Slapshot by Esa Lindell.
4:00 of 2nd period - Stopped by Kristers Gudlevskis with a rebound.
4:14 of 2nd period - Minor Penalty to Andre Burakovsky for Cross-checking.
4:15 of 2nd period - Patrice Cormier wins face-off versus Eric Staal in Maple Leafs zone.
6:14 of 2nd period - Penalty to Andre Burakovsky is over, Andre Burakovsky is back on ice.
6:45 of 2nd period - Slapshot by Zach Werenski.
6:45 of 2nd period - Deflect By Jake DeBrusk.
6:45 of 2nd period - Stopped by Michael Hutchinson without a rebound.
6:46 of 2nd period - Elias Pettersson wins face-off versus Victor Rask in Flames zone.
7:43 of 2nd period - Minor Penalty to Brandon Saad for Cross-checking.
7:44 of 2nd period - Patrice Cormier wins face-off versus Eric Staal in Maple Leafs zone.
7:52 of 2nd period - Off-side.
7:53 of 2nd period - Patrice Cormier wins face-off versus Eric Staal in neutral zone.
8:45 of 2nd period - Snap shot by Jimmy Hayes.
8:45 of 2nd period - Shot Misses the Net.
8:47 of 2nd period - Snap shot by Sami Vatanen.
8:47 of 2nd period - Deflect By Eric Staal.
8:47 of 2nd period - Shot Blocked by Luke Schenn.
8:47 of 2nd period - Puck is out of play.
8:48 of 2nd period - Sam Bennett wins face-off versus Patrik Berglund in Maple Leafs zone.
9:03 of 2nd period - Esa Lindell is hit by Evander Kane and loses puck.
9:43 of 2nd period - Penalty to Brandon Saad is over, Brandon Saad is back on ice.
9:53 of 2nd period - Minor Penalty to Andre Burakovsky for Roughing.
9:54 of 2nd period - Patrice Cormier wins face-off versus Eric Staal in Maple Leafs zone.
10:03 of 2nd period - Ben Smith is hit by Erik Johnson and loses puck.
11:36 of 2nd period - Haydn Fleury is hit by Bryan Rust and loses puck.
11:53 of 2nd period - Penalty to Andre Burakovsky is over, Andre Burakovsky is back on ice.
12:35 of 2nd period - Patrice Cormier is hit by Esa Lindell and loses puck.
13:02 of 2nd period - Wrist shot by Valentin Zykov.
13:02 of 2nd period - Stopped by Michael Hutchinson without a rebound.
13:03 of 2nd period - Sam Bennett wins face-off versus Eric Staal in Flames zone.
13:14 of 2nd period - Slapshot by Sam Bennett.
13:14 of 2nd period - Stopped by Michael Hutchinson with a rebound.
13:37 of 2nd period - Wrist shot by Evander Kane.
13:37 of 2nd period - Shot Blocked by Rasmus Andersson.
13:51 of 2nd period - Snap shot by John Klingberg.
13:51 of 2nd period - Stopped by Michael Hutchinson with a rebound.
13:53 of 2nd period - Snap shot by Evander Kane.
13:53 of 2nd period - Goal by Evander Kane - Maple Leafs : 2 - Flames : 3.
13:54 of 2nd period - Bo Horvat wins face-off versus Eric Staal in neutral zone.
13:56 of 2nd period - Off-side.
13:57 of 2nd period - Bo Horvat wins face-off versus Eric Staal in neutral zone.
14:27 of 2nd period - Slapshot by Elias Pettersson.
14:27 of 2nd period - Shot Misses the Net.
14:48 of 2nd period - Snap shot by Pontus Aberg.
14:48 of 2nd period - Shot Blocked by Christian Folin.
14:50 of 2nd period - Slapshot by Sam Bennett.
14:50 of 2nd period - Stopped by Michael Hutchinson without a rebound.
14:51 of 2nd period - Bo Horvat wins face-off versus Eric Staal in Flames zone.
14:56 of 2nd period - Wrist shot by Andre Burakovsky.
14:56 of 2nd period - Stopped by Michael Hutchinson with a rebound.
16:10 of 2nd period - Jake DeBrusk is hit by Andre Burakovsky and loses puck.
16:17 of 2nd period - Slapshot by Sami Vatanen.
16:17 of 2nd period - Stopped by Kristers Gudlevskis without a rebound.
16:18 of 2nd period - Patrik Berglund wins face-off versus Elias Pettersson in Maple Leafs zone.
17:17 of 2nd period - Snap shot by Sam Bennett.
17:17 of 2nd period - Shot Misses the Net.
17:23 of 2nd period - Rasmus Andersson is hit by Pontus Aberg and loses puck.
17:38 of 2nd period - Backhand shot by Nicholas Baptiste.
17:38 of 2nd period - Stopped by Michael Hutchinson with a rebound.
17:40 of 2nd period - Wrist shot by Patrice Cormier.
17:40 of 2nd period - Stopped by Michael Hutchinson with a rebound.
17:42 of 2nd period - Wrist shot by Brandon Saad.
17:42 of 2nd period - Stopped by Michael Hutchinson without a rebound.
17:43 of 2nd period - Elias Pettersson wins face-off versus Bryan Rust in Flames zone.
17:56 of 2nd period - Slapshot by Erik Johnson.
17:56 of 2nd period - Deflect By Brad Marchand.
17:56 of 2nd period - Stopped by Kristers Gudlevskis without a rebound.
17:57 of 2nd period - Eric Staal wins face-off versus Elias Pettersson in Maple Leafs zone.
18:00 of 2nd period - Wrist shot by Brad Marchand.
18:00 of 2nd period - Shot Blocked by John Klingberg.
18:49 of 2nd period - Brendan Guhle is hit by Esa Lindell and loses puck.
19:30 of 2nd period - Sami Vatanen is hit by Haydn Fleury and loses puck.
19:53 of 2nd period - Snap shot by Tanner Pearson.
19:53 of 2nd period - Goal by Tanner Pearson - Maple Leafs : 2 - Flames : 4.
19:53 of 2nd period - Carter Hutton enters game.
19:54 of 2nd period - Bo Horvat wins face-off versus Eric Staal in neutral zone.
Goals for this period are 1 for Maple Leafs vs 2 for Flames.
Shots for this period are 12 for Maple Leafs vs 8 for Flames.

3rd period


0:01 of 3rd period - Bo Horvat wins face-off versus Eric Staal in neutral zone.
0:55 of 3rd period - Pontus Aberg is hit by Anders Lee.
1:03 of 3rd period - Snap shot by Evgeny Svechnikov.
1:03 of 3rd period - Shot Misses the Net.
1:48 of 3rd period - Snap shot by Bryan Rust.
1:48 of 3rd period - Stopped by Carter Hutton with a rebound.
2:04 of 3rd period - Patrik Berglund is hit by Brendan Guhle and loses puck.
2:25 of 3rd period - Wrist shot by Evgeny Svechnikov.
2:25 of 3rd period - Shot Misses the Net.
2:27 of 3rd period - Wrist shot by David Ullstrom.
2:27 of 3rd period - Stopped by Carter Hutton without a rebound.
2:28 of 3rd period - Anders Lee wins face-off versus Evander Kane in Maple Leafs zone.
2:49 of 3rd period - Esa Lindell is hit by John Klingberg and loses puck.
3:38 of 3rd period - Evander Kane is hit by David Ullstrom and loses puck.
3:57 of 3rd period - Rasmus Andersson is hit by Bo Horvat and loses puck.
4:49 of 3rd period - Slapshot by Rasmus Andersson.
4:49 of 3rd period - Shot Blocked by John Klingberg.
4:51 of 3rd period - Backhand shot by Anders Lee.
4:51 of 3rd period - Stopped by Carter Hutton with a rebound.
4:53 of 3rd period - Wrist shot by Evgeny Svechnikov.
4:53 of 3rd period - Shot Blocked by Evander Kane.
4:55 of 3rd period - Slapshot by Rasmus Andersson.
4:55 of 3rd period - Shot Misses the Net.
5:09 of 3rd period - Wrist shot by Rasmus Andersson.
5:09 of 3rd period - Stopped by Carter Hutton with a rebound.
5:19 of 3rd period - Wrist shot by David Ullstrom.
5:19 of 3rd period - Shot Misses the Net.
6:20 of 3rd period - Slapshot by Evgeny Svechnikov.
6:20 of 3rd period - Shot Blocked by Zach Werenski.
6:22 of 3rd period - Snap shot by David Ullstrom.
6:22 of 3rd period - Deflect By Anders Lee.
6:22 of 3rd period - Shot Misses the Net.
6:22 of 3rd period - Puck is out of play.
6:23 of 3rd period - Elias Pettersson wins face-off versus Eric Staal in Maple Leafs zone.
6:23 of 3rd period - Elias Pettersson is hit by Erik Johnson.
6:26 of 3rd period - Minor Penalty to Ben Smith for Holding.
6:27 of 3rd period - Patrice Cormier wins face-off versus Eric Staal in Maple Leafs zone.
6:41 of 3rd period - Wrist shot by Eric Staal.
6:41 of 3rd period - Shot Misses the Net.
6:43 of 3rd period - Slapshot by Sami Vatanen.
6:43 of 3rd period - Stopped by Carter Hutton with a rebound.
7:20 of 3rd period - Off-side.
7:21 of 3rd period - Brandon Saad wins face-off versus Eric Staal in neutral zone.
8:26 of 3rd period - Penalty to Ben Smith is over, Ben Smith is back on ice.
9:59 of 3rd period - Elias Pettersson is hit by Eric Staal and loses puck.
10:12 of 3rd period - Nicholas Baptiste is hit by Jimmy Hayes and loses puck.
10:24 of 3rd period - Icing by Nicholas Baptiste.
10:25 of 3rd period - Sam Bennett wins face-off versus Patrik Berglund in Maple Leafs zone.
10:35 of 3rd period - Patrik Berglund is hit by Sam Bennett and loses puck.
10:58 of 3rd period - Minor Penalty to Zach Werenski for Roughing.
10:59 of 3rd period - Eric Staal wins face-off versus Patrice Cormier in Maple Leafs zone.
11:04 of 3rd period - Wrist shot by Eric Staal.
11:04 of 3rd period - Shot Blocked by Jon Merrill.
11:06 of 3rd period - Slapshot by Jake DeBrusk.
11:06 of 3rd period - Stopped by Carter Hutton with a rebound.
11:08 of 3rd period - Slapshot by Eric Staal.
11:08 of 3rd period - Stopped by Carter Hutton with a rebound.
11:10 of 3rd period - Snap shot by Jake DeBrusk.
11:10 of 3rd period - Deflect By Eric Staal.
11:10 of 3rd period - Goal by Eric Staal - Maple Leafs : 2 - Flames : 5.
11:11 of 3rd period - Eric Staal wins face-off versus Elias Pettersson in neutral zone.
11:22 of 3rd period - Luke Schenn is hit by Bryan Rust and loses puck.
11:42 of 3rd period - Off-side.
11:43 of 3rd period - Patrik Berglund wins face-off versus Bo Horvat in neutral zone.
11:45 of 3rd period - Minor Penalty to Jimmy Hayes for Slashing.
11:46 of 3rd period - Patrik Berglund wins face-off versus Bo Horvat in Flames zone.
11:55 of 3rd period - Snap shot by Zach Werenski.
11:55 of 3rd period - Goal by Zach Werenski - Maple Leafs : 3 - Flames : 5.
11:56 of 3rd period - Eric Staal wins face-off versus Elias Pettersson in neutral zone.
12:07 of 3rd period - Snap shot by Erik Johnson.
12:07 of 3rd period - Stopped by Carter Hutton with a rebound.
12:09 of 3rd period - Snap shot by Brad Marchand.
12:09 of 3rd period - Goal by Brad Marchand - Maple Leafs : 3 - Flames : 6.
12:10 of 3rd period - Eric Staal wins face-off versus Elias Pettersson in neutral zone.
12:16 of 3rd period - Minor Penalty to Ben Smith for Tripping.
12:17 of 3rd period - Eric Staal wins face-off versus Patrice Cormier in Maple Leafs zone.
13:52 of 3rd period - Sam Bennett is hit by Evgeny Svechnikov and loses puck.
14:16 of 3rd period - Penalty to Ben Smith is over, Ben Smith is back on ice.
14:44 of 3rd period - Snap shot by Victor Rask.
14:44 of 3rd period - Shot Misses the Net.
14:46 of 3rd period - Slapshot by Colby Robak.
14:46 of 3rd period - Stopped by Carter Hutton with a rebound.
14:58 of 3rd period - Slapshot by Luke Schenn.
14:58 of 3rd period - Stopped by Michael Hutchinson with a rebound.
15:04 of 3rd period - Snap shot by Evander Kane.
15:04 of 3rd period - Deflect By Rasmus Andersson.
15:04 of 3rd period - Shot Blocked by Colby Robak.
15:04 of 3rd period - Puck is out of play.
15:05 of 3rd period - Elias Pettersson wins face-off versus Victor Rask in Flames zone.
15:23 of 3rd period - Slapshot by John Klingberg.
15:23 of 3rd period - Shot Blocked by Esa Lindell.
15:31 of 3rd period - Zach Werenski is hit by Esa Lindell and loses puck.
15:48 of 3rd period - Icing by Rasmus Andersson.
15:49 of 3rd period - Patrik Berglund wins face-off versus Valentin Zykov in Flames zone.
16:10 of 3rd period - Snap shot by Pontus Aberg.
16:10 of 3rd period - Deflect By Valentin Zykov.
16:10 of 3rd period - Shot Misses the Net.
16:10 of 3rd period - Puck is out of play.
16:11 of 3rd period - Ben Smith wins face-off versus Eric Staal in Flames zone.
16:42 of 3rd period - Snap shot by Patrik Berglund.
16:42 of 3rd period - Stopped by Carter Hutton without a rebound.
16:43 of 3rd period - Bo Horvat wins face-off versus Patrik Berglund in Maple Leafs zone.
16:43 of 3rd period - Bo Horvat is hit by Jimmy Hayes.
16:50 of 3rd period - Off-side.
16:51 of 3rd period - Elias Pettersson wins face-off versus Patrik Berglund in neutral zone.
16:54 of 3rd period - Snap shot by Ben Smith.
16:54 of 3rd period - Goal by Ben Smith - Maple Leafs : 4 - Flames : 6.
16:55 of 3rd period - Sam Bennett wins face-off versus Victor Rask in neutral zone.
17:02 of 3rd period - Wrist shot by Pontus Aberg.
17:02 of 3rd period - Stopped by Michael Hutchinson without a rebound.
17:03 of 3rd period - Sam Bennett wins face-off versus Victor Rask in Flames zone.
17:10 of 3rd period - Wrist shot by Pontus Aberg.
17:10 of 3rd period - Stopped by Michael Hutchinson with a rebound.
17:13 of 3rd period - Icing by Sami Vatanen.
17:14 of 3rd period - Sam Bennett wins face-off versus Victor Rask in Flames zone.
17:15 of 3rd period - Snap shot by Valentin Zykov.
17:15 of 3rd period - Shot Blocked by Erik Johnson.
17:23 of 3rd period - Jon Merrill is hit by Jake DeBrusk and loses puck.
17:42 of 3rd period - Brandon Saad is hit by Brad Marchand and loses puck.
17:53 of 3rd period - Wrist shot by Sami Vatanen.
17:53 of 3rd period - Deflect By Brad Marchand.
17:53 of 3rd period - Shot Misses the Net.
17:53 of 3rd period - Puck is out of play.
17:54 of 3rd period - Bo Horvat wins face-off versus Patrik Berglund in Maple Leafs zone.
18:26 of 3rd period - Wrist shot by Andre Burakovsky.
18:26 of 3rd period - Shot Blocked by Esa Lindell.
18:37 of 3rd period - Minor Penalty to Andre Burakovsky for Interference.
18:38 of 3rd period - Patrice Cormier wins face-off versus Jimmy Hayes in Maple Leafs zone.
19:06 of 3rd period - Haydn Fleury is hit by Patrik Berglund and loses puck.
19:50 of 3rd period - Ben Smith is hit by Patrik Berglund.
Goals for this period are 2 for Maple Leafs vs 2 for Flames.
Shots for this period are 5 for Maple Leafs vs 12 for Flames.